General information
- name: BNet
- type: Ladder team game (AT/RT)
- host: Battle.net
- saver: SqueezeDayWig
map: Friends
- players: 8
- length: 36:33
- speed: Fast
- version: 1.26 W3XP
- replay type: Public
» download(347 KB)
Players
team 1 (winner)
JewQueersGay (
teal | 133 APM | 4857 actions | 36:32)
6 Warden
3 Shadow Strike
3 Blink
» actions
| Assign group hotkey | 155 | |
| Basic commands | 47 | |
| Build / train | 103 | |
| ESC pressed | 4 | |
| Enter build submenu | 21 | |
| Enter hero's abilities submenu | 6 | |
| Remove unit from queue | 4 | |
| Right click | 3162 | |
| Select / deselect | 437 | |
| Select group hotkey | 696 | |
| Use ability | 222 | |
4857 total
» units
| Wisp | 49 | |
| Druid of the Talon | 5 | |
54 total
» upgrades
| Druid of the Talon Training | 3 | |
| Well Spring | 1 | |
| Nature's Blessing | 1 | |
| Strength of the Wild | 2 | |
| Reinforced Hides | 2 | |
| Mark of the Talon | 1 | |
10 total
» buildings
| Altar of Elders | 1 | |
| Moon Well | 7 | |
| Tree of Life | 2 | |
| Hunter's Hall | 1 | |
| Tree of Ages | 3 | |
| Tree of Eternity | 3 | |
| Ancient of Wind | 2 | |
| Ancient of Wonders | 1 | |
20 total
» build order
00:08 Altar of Elders
00:10 Moon Well
02:12 Moon Well
05:16 Moon Well
07:55 Moon Well
09:38 Tree of Life
12:01 Hunter's Hall
13:20 Tree of Ages
13:20 Tree of Ages
13:20 Tree of Ages
18:10 Tree of Eternity
19:07 Tree of Eternity
19:20 Tree of Life
21:01 Ancient of Wind
21:02 Ancient of Wind
23:09 Moon Well
23:10 Moon Well
23:11 Moon Well
26:29 Ancient of Wonders
» items
| Potion of Healing | 1 | |
| Healing Salve | 1 | |
| Lesser Clarity Potion | 2 | |
| Orb of Lightning | 2 | |
| Scroll of Town Portal | 1 | |
| Sobi Mask | 1 | |
| Belt of Giant Strength +6 | 1 | |
| Inferno Stone | 1 | |
| Scourge Bone Chimes | 1 | |
11 total
PwnerOfNoobs (
green | 117 APM | 4272 actions | 36:32)
5 Archmage
3 Blizzard
2 Brilliance Aura
5 Mountain King
3 Storm Bolt
2 Bash
4 Paladin
2 Holy Light
2 Divine Shield
» actions
| Assign group hotkey | 10 | |
| Basic commands | 77 | |
| Build / train | 176 | |
| ESC pressed | 2 | |
| Enter build submenu | 197 | |
| Enter hero's abilities submenu | 14 | |
| Give item / drop item | 9 | |
| Right click | 1491 | |
| Select / deselect | 555 | |
| Select group hotkey | 1150 | |
| Use ability | 591 | |
4272 total
» units
» upgrades
» buildings
| Altar of Kings | 1 | |
| Farm | 3 | |
| Scout Tower | 335 | |
| Lumber Mill | 1 | |
| Arcane Tower | 10 | |
| Guard Tower | 105 | |
| Arcane Vault | 1 | |
| Keep | 1 | |
| Arcane Sanctum | 1 | |
| Town Hall | 1 | |
| Castle | 2 | |
461 total
» build order
00:07 Altar of Kings
00:14 Farm
00:45 Scout Tower
00:52 Lumber Mill
01:14 Farm
01:18 Arcane Tower
01:21 Scout Tower
01:46 Farm
01:49 Scout Tower
01:52 Arcane Tower
01:55 Scout Tower
02:04 Scout Tower
02:16 Scout Tower
02:21 Scout Tower
02:38 Arcane Tower
02:41 Scout Tower
02:41 Scout Tower
02:50 Guard Tower
02:59 Guard Tower
03:03 Arcane Tower
03:38 Scout Tower
03:39 Scout Tower
03:48 Scout Tower
03:49 Scout Tower
03:50 Arcane Tower
03:50 Guard Tower
03:54 Scout Tower
03:54 Scout Tower
04:06 Guard Tower
04:19 Scout Tower
04:20 Scout Tower
04:21 Arcane Tower
04:21 Arcane Tower
04:31 Scout Tower
04:32 Scout Tower
04:36 Guard Tower
04:39 Scout Tower
04:39 Scout Tower
04:40 Scout Tower
04:42 Guard Tower
04:55 Guard Tower
04:56 Scout Tower
04:57 Scout Tower
05:00 Guard Tower
05:02 Scout Tower
05:02 Scout Tower
05:36 Arcane Vault
05:53 Scout Tower
05:56 Keep
05:57 Guard Tower
05:59 Scout Tower
05:59 Scout Tower
06:00 Scout Tower
06:02 Guard Tower
06:04 Scout Tower
06:05 Scout Tower
06:05 Scout Tower
06:08 Scout Tower
06:09 Scout Tower
06:09 Scout Tower
06:13 Scout Tower
06:14 Scout Tower
06:16 Guard Tower
06:24 Guard Tower
06:25 Scout Tower
06:26 Scout Tower
06:26 Scout Tower
06:27 Scout Tower
06:30 Guard Tower
06:53 Guard Tower
06:56 Scout Tower
06:57 Scout Tower
06:58 Scout Tower
06:59 Scout Tower
06:59 Scout Tower
06:59 Scout Tower
07:00 Scout Tower
07:01 Scout Tower
07:09 Guard Tower
07:15 Scout Tower
07:16 Scout Tower
07:17 Scout Tower
07:18 Scout Tower
07:18 Scout Tower
07:19 Scout Tower
07:21 Guard Tower
07:22 Scout Tower
07:22 Scout Tower
07:24 Scout Tower
07:33 Guard Tower
07:38 Guard Tower
07:48 Scout Tower
07:49 Scout Tower
07:50 Scout Tower
07:54 Scout Tower
07:54 Scout Tower
07:55 Scout Tower
08:09 Guard Tower
08:33 Guard Tower
08:35 Scout Tower
08:36 Scout Tower
08:39 Guard Tower
08:40 Scout Tower
08:41 Scout Tower
08:41 Scout Tower
08:43 Guard Tower
08:46 Scout Tower
08:53 Guard Tower
09:05 Arcane Tower
09:05 Arcane Tower
09:12 Arcane Sanctum
09:16 Arcane Tower
09:26 Guard Tower
10:10 Guard Tower
11:19 Guard Tower
11:20 Scout Tower
11:21 Scout Tower
11:22 Scout Tower
11:22 Scout Tower
11:25 Guard Tower
11:46 Town Hall
11:55 Scout Tower
11:56 Scout Tower
12:04 Scout Tower
12:04 Scout Tower
12:05 Scout Tower
12:08 Scout Tower
12:09 Guard Tower
12:23 Scout Tower
12:23 Scout Tower
12:24 Scout Tower
12:25 Scout Tower
12:37 Guard Tower
13:10 Guard Tower
13:15 Scout Tower
13:16 Scout Tower
13:17 Scout Tower
13:18 Scout Tower
13:21 Guard Tower
13:21 Guard Tower
13:24 Scout Tower
13:25 Scout Tower
13:25 Scout Tower
13:28 Scout Tower
13:33 Castle
13:33 Castle
13:38 Guard Tower
13:44 Guard Tower
13:57 Guard Tower
13:58 Scout Tower
13:59 Scout Tower
14:00 Scout Tower
14:00 Scout Tower
14:08 Scout Tower
14:09 Scout Tower
14:10 Scout Tower
14:29 Guard Tower
14:31 Scout Tower
14:31 Scout Tower
14:32 Scout Tower
14:33 Scout Tower
14:56 Guard Tower
15:02 Scout Tower
15:03 Scout Tower
15:03 Scout Tower
15:05 Guard Tower
15:07 Scout Tower
15:08 Scout Tower
15:09 Scout Tower
15:09 Scout Tower
15:10 Scout Tower
15:27 Scout Tower
15:28 Scout Tower
15:28 Scout Tower
15:37 Guard Tower
15:39 Scout Tower
15:40 Scout Tower
15:40 Scout Tower
16:33 Scout Tower
16:34 Scout Tower
16:35 Scout Tower
16:35 Scout Tower
16:41 Guard Tower
16:43 Scout Tower
16:44 Scout Tower
16:45 Scout Tower
16:47 Guard Tower
16:48 Guard Tower
17:05 Guard Tower
18:20 Guard Tower
18:23 Scout Tower
18:23 Scout Tower
18:24 Scout Tower
18:25 Scout Tower
18:27 Guard Tower
18:29 Scout Tower
18:29 Scout Tower
18:30 Scout Tower
18:31 Scout Tower
18:34 Scout Tower
18:35 Scout Tower
18:35 Scout Tower
18:37 Guard Tower
18:38 Scout Tower
18:39 Scout Tower
18:40 Scout Tower
18:42 Scout Tower
18:43 Scout Tower
18:43 Scout Tower
18:45 Scout Tower
18:46 Scout Tower
18:46 Scout Tower
18:47 Scout Tower
18:48 Scout Tower
18:49 Scout Tower
18:58 Guard Tower
19:16 Scout Tower
19:17 Scout Tower
19:18 Scout Tower
19:23 Guard Tower
19:31 Guard Tower
20:03 Guard Tower
20:05 Scout Tower
20:05 Scout Tower
20:06 Scout Tower
20:06 Scout Tower
20:08 Scout Tower
20:09 Scout Tower
20:09 Scout Tower
20:10 Scout Tower
20:11 Scout Tower
20:11 Scout Tower
20:13 Guard Tower
20:15 Scout Tower
20:16 Scout Tower
20:16 Scout Tower
20:16 Scout Tower
20:24 Guard Tower
20:26 Scout Tower
20:26 Scout Tower
20:27 Scout Tower
20:29 Scout Tower
21:05 Guard Tower
21:06 Scout Tower
21:07 Scout Tower
21:07 Scout Tower
21:20 Scout Tower
21:20 Scout Tower
21:21 Scout Tower
21:22 Scout Tower
21:40 Guard Tower
21:47 Guard Tower
21:53 Guard Tower
21:57 Guard Tower
22:03 Scout Tower
22:04 Scout Tower
22:07 Scout Tower
22:07 Scout Tower
22:08 Scout Tower
22:08 Scout Tower
22:35 Guard Tower
23:20 Guard Tower
23:37 Guard Tower
23:38 Scout Tower
23:38 Scout Tower
23:39 Scout Tower
23:40 Scout Tower
23:49 Guard Tower
23:51 Scout Tower
23:52 Scout Tower
23:52 Scout Tower
23:53 Scout Tower
23:53 Scout Tower
23:54 Scout Tower
23:58 Scout Tower
23:59 Scout Tower
24:00 Scout Tower
24:00 Scout Tower
24:10 Scout Tower
24:10 Scout Tower
24:11 Scout Tower
24:12 Scout Tower
24:14 Guard Tower
24:15 Scout Tower
24:16 Scout Tower
24:16 Scout Tower
24:17 Scout Tower
24:18 Scout Tower
24:19 Scout Tower
24:20 Scout Tower
24:25 Guard Tower
24:27 Scout Tower
24:28 Scout Tower
24:28 Scout Tower
24:29 Scout Tower
24:29 Scout Tower
25:10 Guard Tower
25:11 Scout Tower
25:12 Scout Tower
25:12 Scout Tower
25:12 Scout Tower
25:13 Scout Tower
25:14 Guard Tower
25:24 Scout Tower
25:24 Scout Tower
25:25 Scout Tower
25:25 Scout Tower
25:27 Scout Tower
25:28 Scout Tower
25:29 Scout Tower
25:29 Scout Tower
25:49 Guard Tower
25:56 Guard Tower
25:58 Scout Tower
25:59 Scout Tower
25:59 Scout Tower
25:59 Scout Tower
26:05 Guard Tower
26:31 Scout Tower
26:32 Scout Tower
26:33 Scout Tower
26:33 Scout Tower
26:39 Scout Tower
26:41 Scout Tower
26:41 Scout Tower
26:42 Scout Tower
26:42 Guard Tower
26:43 Guard Tower
26:47 Guard Tower
26:48 Scout Tower
26:49 Scout Tower
26:49 Scout Tower
26:50 Scout Tower
27:38 Guard Tower
27:41 Scout Tower
27:41 Scout Tower
27:42 Scout Tower
27:42 Scout Tower
27:43 Scout Tower
27:43 Scout Tower
27:43 Scout Tower
27:45 Guard Tower
27:55 Guard Tower
27:58 Scout Tower
27:58 Scout Tower
27:59 Scout Tower
28:00 Scout Tower
28:00 Scout Tower
28:01 Scout Tower
28:06 Guard Tower
28:09 Guard Tower
28:09 Guard Tower
28:10 Guard Tower
28:20 Scout Tower
28:21 Scout Tower
28:24 Guard Tower
28:27 Scout Tower
28:28 Scout Tower
28:29 Scout Tower
28:29 Scout Tower
28:39 Guard Tower
29:23 Guard Tower
29:29 Scout Tower
29:30 Scout Tower
29:31 Scout Tower
29:31 Scout Tower
29:32 Scout Tower
29:32 Scout Tower
29:33 Scout Tower
29:34 Scout Tower
29:35 Scout Tower
29:36 Scout Tower
29:46 Guard Tower
29:49 Scout Tower
29:50 Scout Tower
29:51 Scout Tower
29:52 Scout Tower
29:59 Guard Tower
30:01 Guard Tower
30:02 Scout Tower
30:03 Scout Tower
30:04 Scout Tower
30:08 Guard Tower
30:30 Scout Tower
30:31 Scout Tower
30:32 Scout Tower
30:32 Scout Tower
30:33 Scout Tower
30:36 Guard Tower
30:39 Scout Tower
30:40 Scout Tower
30:41 Scout Tower
30:42 Scout Tower
30:43 Guard Tower
30:44 Scout Tower
30:45 Scout Tower
30:47 Guard Tower
30:54 Scout Tower
30:55 Scout Tower
30:57 Scout Tower
30:57 Scout Tower
30:58 Scout Tower
30:59 Scout Tower
31:12 Guard Tower
31:13 Guard Tower
31:16 Guard Tower
31:36 Guard Tower
31:38 Scout Tower
31:38 Scout Tower
31:39 Scout Tower
31:40 Scout Tower
31:44 Guard Tower
31:51 Scout Tower
31:52 Scout Tower
31:53 Scout Tower
31:56 Guard Tower
32:21 Guard Tower
32:28 Scout Tower
32:29 Scout Tower
32:29 Scout Tower
32:30 Scout Tower
32:34 Guard Tower
32:35 Scout Tower
32:36 Scout Tower
32:36 Scout Tower
32:37 Scout Tower
33:20 Guard Tower
33:23 Scout Tower
33:23 Scout Tower
33:24 Scout Tower
33:24 Scout Tower
33:44 Guard Tower
33:45 Scout Tower
33:46 Scout Tower
33:46 Scout Tower
33:47 Scout Tower
33:48 Guard Tower
33:51 Scout Tower
33:52 Scout Tower
33:53 Scout Tower
33:54 Scout Tower
33:55 Scout Tower
33:56 Scout Tower
34:20 Guard Tower
34:21 Scout Tower
34:22 Scout Tower
34:23 Scout Tower
34:23 Scout Tower
34:27 Guard Tower
34:32 Guard Tower
35:46 Guard Tower
35:47 Scout Tower
35:48 Scout Tower
35:49 Scout Tower
35:49 Scout Tower
36:21 Guard Tower
36:28 Scout Tower
36:29 Scout Tower
36:29 Scout Tower
36:30 Scout Tower
» items
| Scroll of Regeneration | 1 | |
| Healing Salve | 1 | |
| Staff of Sanctuary | 3 | |
| Orb of Lightning | 2 | |
| Belt of Giant Strength +6 | 2 | |
| Sobi Mask | 1 | |
| Runed Bracers | 1 | |
| Orb of Venom | 1 | |
| Robe of the Magi +6 | 1 | |
13 total
Sdub2k14 (
pink | 125 APM | 4564 actions | 36:32)
5 Mountain King
3 Storm Bolt
2 Bash
4 Paladin
2 Holy Light
2 Divine Shield
3 Blood Mage
2 Banish
1 Siphon Mana
» actions
| Assign group hotkey | 462 | |
| Basic commands | 23 | |
| Build / train | 115 | |
| Enter build submenu | 97 | |
| Enter hero's abilities submenu | 13 | |
| Give item / drop item | 2 | |
| Remove unit from queue | 1 | |
| Right click | 2309 | |
| Select / deselect | 553 | |
| Select group hotkey | 721 | |
| Use ability | 268 | |
4564 total
» units
» upgrades
| Masonry | 3 | |
| Lumber Harvesting | 2 | |
| Magic Sentry | 1 | |
6 total
» buildings
| Altar of Kings | 3 | |
| Farm | 9 | |
| Lumber Mill | 3 | |
| Scout Tower | 75 | |
| Arcane Tower | 12 | |
| Guard Tower | 45 | |
| Keep | 1 | |
| Arcane Vault | 3 | |
| Castle | 1 | |
| Arcane Sanctum | 1 | |
| Town Hall | 1 | |
154 total
» build order
00:05 Altar of Kings
00:19 Farm
00:38 Farm
00:57 Lumber Mill
01:05 Scout Tower
01:17 Farm
01:27 Scout Tower
01:56 Arcane Tower
01:57 Arcane Tower
01:57 Arcane Tower
02:30 Guard Tower
02:34 Scout Tower
03:10 Guard Tower
03:13 Scout Tower
03:42 Guard Tower
03:43 Scout Tower
03:54 Scout Tower
03:55 Scout Tower
04:01 Scout Tower
04:33 Arcane Tower
04:34 Scout Tower
04:37 Guard Tower
04:39 Scout Tower
04:42 Keep
04:44 Arcane Tower
05:07 Guard Tower
05:10 Farm
05:11 Scout Tower
05:17 Guard Tower
05:19 Scout Tower
06:03 Guard Tower
06:04 Scout Tower
06:24 Guard Tower
06:26 Scout Tower
06:27 Scout Tower
06:53 Guard Tower
07:02 Arcane Vault
07:04 Arcane Vault
07:19 Scout Tower
07:23 Scout Tower
07:27 Guard Tower
07:28 Guard Tower
07:55 Scout Tower
07:56 Scout Tower
08:57 Castle
08:59 Guard Tower
09:00 Scout Tower
09:01 Scout Tower
09:01 Scout Tower
09:20 Guard Tower
09:23 Scout Tower
09:25 Scout Tower
09:39 Guard Tower
09:53 Scout Tower
09:53 Guard Tower
09:54 Guard Tower
10:13 Guard Tower
11:15 Guard Tower
11:15 Scout Tower
11:40 Guard Tower
11:41 Arcane Sanctum
11:56 Arcane Vault
12:33 Arcane Tower
12:34 Scout Tower
13:43 Town Hall
14:01 Guard Tower
14:02 Scout Tower
14:03 Scout Tower
14:26 Scout Tower
14:27 Scout Tower
14:28 Scout Tower
14:29 Scout Tower
14:36 Scout Tower
14:36 Scout Tower
14:46 Scout Tower
14:47 Scout Tower
14:58 Guard Tower
15:05 Guard Tower
15:24 Guard Tower
15:34 Guard Tower
15:38 Scout Tower
15:39 Scout Tower
15:59 Scout Tower
16:00 Scout Tower
16:07 Scout Tower
16:08 Scout Tower
16:09 Guard Tower
16:11 Scout Tower
16:36 Guard Tower
16:38 Scout Tower
16:39 Scout Tower
16:43 Scout Tower
16:44 Scout Tower
16:57 Arcane Tower
17:02 Guard Tower
17:03 Scout Tower
17:05 Guard Tower
17:21 Scout Tower
17:21 Scout Tower
17:28 Scout Tower
17:29 Scout Tower
17:31 Scout Tower
17:31 Scout Tower
17:34 Altar of Kings
18:05 Guard Tower
18:06 Scout Tower
18:07 Scout Tower
18:30 Guard Tower
18:31 Scout Tower
18:33 Scout Tower
18:35 Scout Tower
18:36 Scout Tower
18:46 Scout Tower
18:47 Scout Tower
18:48 Scout Tower
18:50 Lumber Mill
19:00 Scout Tower
19:02 Scout Tower
19:11 Arcane Tower
19:15 Guard Tower
19:37 Guard Tower
19:38 Guard Tower
19:38 Guard Tower
19:40 Scout Tower
19:42 Guard Tower
19:43 Guard Tower
19:45 Farm
19:57 Guard Tower
20:04 Guard Tower
20:21 Guard Tower
20:36 Guard Tower
21:24 Scout Tower
21:25 Scout Tower
22:11 Arcane Tower
22:59 Altar of Kings
23:14 Arcane Tower
23:15 Scout Tower
23:21 Lumber Mill
24:00 Scout Tower
24:36 Guard Tower
24:36 Guard Tower
24:48 Farm
24:49 Farm
26:27 Scout Tower
26:56 Farm
28:03 Farm
28:05 Guard Tower
28:28 Scout Tower
28:29 Scout Tower
28:30 Scout Tower
29:01 Guard Tower
29:30 Arcane Tower
32:03 Guard Tower
» items
| Healing Salve | 3 | |
| Lesser Clarity Potion | 1 | |
| Scroll of Regeneration | 2 | |
| Staff of Sanctuary | 2 | |
| Orb of Lightning | 1 | |
| Scroll of Town Portal | 2 | |
| Scroll of Speed | 1 | |
| Belt of Giant Strength +6 | 1 | |
| Alleria's Flute of Accuracy | 1 | |
14 total
SqueezeDayWig (
blue | 129 APM | 4700 actions | 36:33)
5 Blademaster
3 Wind Walk
2 Critical Strike
4 Tauren Chieftain
2 Shockwave
2 Endurance Aura
» actions
| Assign group hotkey | 30 | |
| Basic commands | 3 | |
| Build / train | 106 | |
| Enter build submenu | 87 | |
| Enter hero's abilities submenu | 10 | |
| Give item / drop item | 4 | |
| Right click | 3275 | |
| Select / deselect | 618 | |
| Select group hotkey | 332 | |
| Use ability | 235 | |
4700 total
» units
| Peon | 36 | |
| Wind Rider | 1 | |
| Troll Batrider | 14 | |
51 total
» upgrades
» buildings
| Altar of Storms | 3 | |
| Orc Burrow | 7 | |
| War Mill | 2 | |
| Voodoo Lounge | 7 | |
| Watch Tower | 47 | |
| Stronghold | 6 | |
| Fortress | 7 | |
| Beastiary | 6 | |
| Great Hall | 3 | |
88 total
» build order
00:09 Altar of Storms
00:19 Orc Burrow
00:56 War Mill
01:11 Voodoo Lounge
02:28 Watch Tower
02:31 Watch Tower
02:44 Watch Tower
02:59 Watch Tower
03:30 Watch Tower
04:02 Orc Burrow
04:23 Watch Tower
05:01 Watch Tower
06:21 Stronghold
06:21 Stronghold
06:22 Watch Tower
06:23 Watch Tower
06:24 Watch Tower
06:25 Watch Tower
06:26 Watch Tower
06:44 Watch Tower
06:58 Orc Burrow
07:01 Watch Tower
07:56 Watch Tower
07:57 Watch Tower
07:58 Watch Tower
07:59 Watch Tower
08:31 Watch Tower
08:32 Watch Tower
08:33 Watch Tower
09:24 Voodoo Lounge
09:26 Voodoo Lounge
09:28 Voodoo Lounge
09:28 Voodoo Lounge
09:47 Fortress
09:47 Fortress
09:47 Fortress
10:25 Beastiary
10:27 Beastiary
11:29 Watch Tower
11:30 Watch Tower
11:31 Watch Tower
11:31 Watch Tower
11:32 Watch Tower
12:10 Voodoo Lounge
12:12 Voodoo Lounge
14:36 Watch Tower
15:11 Beastiary
15:14 Beastiary
15:14 Beastiary
15:19 Beastiary
15:45 Watch Tower
15:46 Watch Tower
15:46 Watch Tower
17:20 Orc Burrow
18:06 Watch Tower
18:06 Watch Tower
18:10 Watch Tower
18:18 Altar of Storms
18:30 Watch Tower
18:31 Watch Tower
18:35 Watch Tower
19:13 Orc Burrow
19:45 Great Hall
21:27 Watch Tower
21:28 Watch Tower
21:29 Watch Tower
22:01 Orc Burrow
28:16 War Mill
28:27 Great Hall
28:37 Altar of Storms
29:36 Watch Tower
29:40 Watch Tower
30:41 Orc Burrow
31:17 Watch Tower
32:40 Watch Tower
32:41 Watch Tower
33:22 Stronghold
33:23 Stronghold
33:23 Stronghold
34:40 Watch Tower
34:41 Watch Tower
36:26 Fortress
36:26 Fortress
36:30 Great Hall
36:32 Watch Tower
» items
| Healing Salve | 6 | |
| Lesser Clarity Potion | 7 | |
| Scroll of Regeneration | 1 | |
| Scroll of Town Portal | 1 | |
| Orb of Lightning | 2 | |
| Staff of Sanctuary | 1 | |
| Inferno Stone | 1 | |
19 total
team 2 (loser)
Alador (
orange | 35 APM | 1273 actions | 36:23)
5 Blademaster
2 Wind Walk
3 Critical Strike
5 Shadow Hunter
3 Hex
1 Healing Wave
1 Serpent Ward
» actions
| Basic commands | 10 | |
| Build / train | 88 | |
| Enter build submenu | 15 | |
| Enter hero's abilities submenu | 10 | |
| Remove unit from queue | 1 | |
| Right click | 642 | |
| Select / deselect | 407 | |
| Use ability | 100 | |
1273 total
» units
| Peon | 8 | |
| Grunt | 6 | |
| Troll Witch Doctor | 14 | |
| Shaman | 9 | |
| Goblin Shredder | 1 | |
| Tauren | 13 | |
| Demolisher | 2 | |
| Frost Wyrm | 2 | |
55 total
» upgrades
| Pillage | 1 | |
| Witch Doctor Training | 2 | |
| Shaman Training | 2 | |
| Melee Weapons | 2 | |
| Reinforced Defenses | 1 | |
8 total
» buildings
| Altar of Storms | 1 | |
| Orc Burrow | 6 | |
| Barracks | 1 | |
| War Mill | 1 | |
| Stronghold | 5 | |
| Voodoo Lounge | 1 | |
| Spirit Lodge | 1 | |
| Fortress | 1 | |
| Tauren Totem | 1 | |
| Watch Tower | 3 | |
21 total
» build order
00:14 Altar of Storms
00:20 Orc Burrow
00:36 Barracks
01:25 Orc Burrow
01:39 War Mill
03:11 Stronghold
03:11 Stronghold
03:11 Stronghold
04:15 Orc Burrow
04:41 Voodoo Lounge
05:55 Spirit Lodge
08:29 Fortress
08:34 Orc Burrow
10:02 Orc Burrow
10:58 Tauren Totem
11:08 Orc Burrow
31:17 Watch Tower
31:50 Watch Tower
32:39 Watch Tower
» items
| Healing Salve | 1 | |
| Orb of Lightning | 1 | |
| Tiny Great Hall | 1 | |
3 total
CoCa]tFT (
purple | 42 APM | 1542 actions | 36:31)
4 Goblin Tinker
2 Pocket Factory
2 Engineering Upgrade
» actions
| Assign group hotkey | 32 | |
| Build / train | 126 | |
| Enter build submenu | 36 | |
| Enter hero's abilities submenu | 4 | |
| Remove unit from queue | 14 | |
| Right click | 729 | |
| Select / deselect | 339 | |
| Select group hotkey | 180 | |
| Use ability | 82 | |
1542 total
» units
| Wisp | 50 | |
| Chimaera | 17 | |
| Druid of the Talon | 14 | |
81 total
» upgrades
| Corrosive Breath | 1 | |
| Strength of the Wild | 3 | |
| Reinforced Hides | 2 | |
| Ultravision | 1 | |
7 total
» buildings
| Altar of Elders | 1 | |
| Moon Well | 6 | |
| Ancient of Wonders | 2 | |
| Tree of Ages | 1 | |
| Tree of Eternity | 2 | |
| Ancient of Wind | 1 | |
| Chimaera Roost | 2 | |
| Hunter's Hall | 1 | |
| Tree of Life | 3 | |
| Ancient Protector | 8 | |
27 total
» build order
00:27 Altar of Elders
00:35 Moon Well
01:29 Ancient of Wonders
01:49 Ancient of Wonders
04:34 Tree of Ages
08:43 Tree of Eternity
08:43 Tree of Eternity
10:15 Ancient of Wind
10:54 Moon Well
11:43 Moon Well
11:52 Chimaera Roost
18:41 Moon Well
19:07 Hunter's Hall
21:05 Moon Well
21:15 Moon Well
25:20 Tree of Life
26:12 Tree of Life
26:50 Tree of Life
29:12 Ancient Protector
29:14 Ancient Protector
29:17 Ancient Protector
30:18 Ancient Protector
32:10 Ancient Protector
32:17 Ancient Protector
32:26 Chimaera Roost
35:39 Ancient Protector
35:45 Ancient Protector
» items
| Lesser Clarity Potion | 4 | |
| Potion of Healing | 1 | |
| Orb of Venom | 1 | |
| Orb of Fire | 1 | |
| Orb of Lightning | 1 | |
| Orb of Corruption | 3 | |
| Scroll of Town Portal | 1 | |
12 total
Dani96 (
yellow | 68 APM | 1969 actions | 28:51)
5 Death Knight
3 Death Coil
2 Unholy Aura
4 Lich
2 Frost Nova
2 Frost Armor
» actions
| Assign group hotkey | 55 | |
| Build / train | 75 | |
| Enter build submenu | 23 | |
| Enter hero's abilities submenu | 9 | |
| Right click | 612 | |
| Select / deselect | 427 | |
| Select group hotkey | 691 | |
| Use ability | 77 | |
1969 total
» units
| Acolyte | 3 | |
| Ghoul | 6 | |
| Crypt Fiend | 12 | |
| Frost Wyrm | 16 | |
| Obsidian Statue | 2 | |
39 total
» upgrades
| Creature Attack | 3 | |
| Creature Carapace | 3 | |
| Freezing Breath | 1 | |
| Web | 1 | |
| Destroyer Form | 1 | |
9 total
» buildings
| Graveyard | 1 | |
| Crypt | 1 | |
| Altar of Darkness | 1 | |
| Ziggurat | 9 | |
| Tomb of Relics | 1 | |
| Halls of the Dead | 3 | |
| Black Citadel | 2 | |
| Sacrificial Pit | 1 | |
| Boneyard | 2 | |
| Slaughterhouse | 1 | |
22 total
» build order
00:11 Graveyard
00:18 Crypt
00:41 Altar of Darkness
00:46 Ziggurat
01:47 Ziggurat
02:05 Tomb of Relics
03:04 Halls of the Dead
03:04 Halls of the Dead
04:37 Ziggurat
04:42 Ziggurat
05:27 Black Citadel
06:46 Sacrificial Pit
07:14 Ziggurat
08:22 Boneyard
08:29 Boneyard
08:44 Ziggurat
09:06 Slaughterhouse
09:10 Ziggurat
09:50 Ziggurat
10:25 Ziggurat
» items
Leviathan69 (
red | 36 APM | 1324 actions | 36:28)
3 Paladin
2 Holy Light
1 Devotion Aura
2 Mountain King
1 Storm Bolt
1 Bash
2 Pandaren Brewmaster
1 Drunken Brawler
1 Breath of Fire
» actions
| Basic commands | 21 | |
| Build / train | 90 | |
| Enter build submenu | 44 | |
| Enter hero's abilities submenu | 8 | |
| Give item / drop item | 2 | |
| Remove unit from queue | 3 | |
| Right click | 572 | |
| Select / deselect | 522 | |
| Use ability | 62 | |
1324 total
» units
| Peasant | 23 | |
| Footman | 11 | |
| Siege Engine | 18 | |
| Knight | 4 | |
| Frost Wyrm | 2 | |
58 total
» upgrades
| Barrage | 1 | |
| Lumber Harvesting | 1 | |
| Gunpowder | 3 | |
| Plating | 3 | |
8 total
» buildings
| Altar of Kings | 1 | |
| Barracks | 1 | |
| Farm | 15 | |
| Lumber Mill | 2 | |
| Scout Tower | 14 | |
| Keep | 1 | |
| Arcane Tower | 2 | |
| Arcane Vault | 1 | |
| Blacksmith | 1 | |
| Castle | 1 | |
| Workshop | 2 | |
| Town Hall | 2 | |
| Guard Tower | 3 | |
46 total
» build order
00:24 Altar of Kings
00:48 Barracks
01:00 Farm
01:11 Lumber Mill
01:25 Farm
01:46 Farm
02:23 Farm
03:13 Scout Tower
03:28 Scout Tower
03:31 Scout Tower
03:44 Farm
03:52 Keep
04:30 Farm
04:36 Arcane Tower
05:08 Arcane Vault
08:10 Blacksmith
08:28 Castle
09:22 Farm
10:07 Workshop
10:12 Workshop
11:17 Farm
12:00 Farm
12:44 Scout Tower
12:48 Scout Tower
13:02 Scout Tower
13:06 Scout Tower
13:19 Farm
13:34 Arcane Tower
14:42 Farm
15:30 Farm
16:37 Farm
17:29 Farm
18:31 Farm
19:09 Lumber Mill
26:27 Town Hall
29:40 Guard Tower
32:19 Scout Tower
32:21 Scout Tower
32:23 Scout Tower
32:34 Town Hall
32:51 Scout Tower
32:52 Scout Tower
32:54 Scout Tower
32:56 Guard Tower
33:26 Scout Tower
33:27 Guard Tower
» items
| Scroll of Town Portal | 1 | |
| Potion of Healing | 1 | |
| Lesser Clarity Potion | 2 | |
4 total
Chat log
(00:05 / All) CoCa]tFT: hi
(00:06 / All) CoCa]tFT: gl hf
(00:11 / All) SqueezeDayWig: hi
(00:11 / All) Sdub2k14: hello
(00:12 / All) Sdub2k14: best luck
(00:14 / All) SqueezeDayWig: how many are u
(00:24 / All) CoCa]tFT: sry but my ally ''dani96'' is noob
(00:25 / All) Sdub2k14: how manly are u
(00:27 / All) Dani96: dani pro
(01:30 / All) PwnerOfNoobs: no drop. no click drop.
(01:34 / All) SqueezeDayWig: how many p[layers on uyour team
(01:47 / All) Alador: Mh ?
(01:59 / All) SqueezeDayWig: no
(02:03 / All) Sdub2k14: sorry we dont hack 'bud'
(02:07 / All) SqueezeDayWig: no mh. if i had mh i would know how many players on youR TEAM
(02:11 / All) Alador: drop mh
(02:25 / All) SqueezeDayWig: "drop mh" are you retarded
(02:36 / All) Alador: thx lose
(02:41 / All) Alador: :]
(02:44 / All) Alador: n0b
(03:58 / All) Alador: thx
(04:25 / All) Sdub2k14: รป boys noobs?
(04:31 / All) CoCa]tFT: y
(05:15 / All) SqueezeDayWig: thx
(06:37 / All) SqueezeDayWig: multibox thx
(07:06 / All) PwnerOfNoobs: why do you idiots always ruin this fucking map
(07:27 / All) CoCa]tFT: yo
(07:40 / All) CoCa]tFT: chincho chinca chinca chain
(07:45 / All) CoCa]tFT: we form china
(08:00 / All) CoCa]tFT: we speachk onlies cainess
(08:08 / All) SqueezeDayWig: wrong
(09:04 / All) SqueezeDayWig: thx
(14:01 / All) SqueezeDayWig: thx
(14:08 / All) CoCa]tFT: :(
(15:11 / All) Dani96: dani pro!
(23:37 / All) CoCa]tFT: like?
(23:42 / All) Sdub2k14: ues
(23:46 / All) CoCa]tFT: k
(25:23 / All) Dani96: LEAVE PLZ
(26:44 / All) CoCa]tFT: cube cube cube
(28:56 / All) PwnerOfNoobs: bye retards
(29:03 / All) SqueezeDayWig: lol
(29:05 / All) SqueezeDayWig: thx
(29:24 / All) SqueezeDayWig: thx
(30:26 / All) CoCa]tFT: 1 for 1
(30:31 / All) SqueezeDayWig: ok
(30:38 / All) SqueezeDayWig: thx
(33:13 / All) SqueezeDayWig: thx
(34:23 / All) SqueezeDayWig: thx
(34:26 / All) SqueezeDayWig: 1 for 0
(34:37 / All) CoCa]tFT: funny
(35:02 / All) Sdub2k14: gg scrubarinos
(35:04 / All) PwnerOfNoobs: bye
(35:05 / All) SqueezeDayWig: thx
(36:26 / All) SqueezeDayWig: lol